 Dungeon Crawl Stone Soup version 0.31.0-32-g396128a36d (webtiles) character file.

Game seed: 2010110504321575460

161974 monsoonserge the Grappler (level 17, -9/205 HPs)
             Began as a Gnoll Shapeshifter on Mar 8, 2024.
             Was the Champion of Cheibriados.
             Mangled by an alligator simulacrum (33 damage)
             ... in an ice cave.
             The game lasted 02:39:07 (28978 turns).

monsoonserge the Grappler (Gnoll Shapeshifter)     Turns: 28978, Time: 02:39:07

Health: -9/205     AC: 10    Str: 36    XL:     17   Next: 80%
Magic:  50/52      EV: 35    Int: 37    God:    Cheibriados [******]
Gold:   1912       SH: 17    Dex: 33    Spells: 18/40 levels left

rFire   . .          .
                       - Unarmed
rCold   . . .        k - +0 buckler {rPois}
rNeg    . . .        d - melded +15 plate armour of the Date {rN+}
rPois   +            O - +3 hat of Pondering {ponderous, Will+ MP+10 Int+5}
rElec   +            S - +1 cloak
rCorr   +            c - +1 pair of gloves of Tender Moments {rPois MP+9 Str+2 Int+4}
SInv    .            (no boots)
Will    ++...        E - amulet of reflection Stlth
                     G - ring of the Octopus King {rCorr HP+2 AC+2 EV+2 SH+2}
HPRegen 0.54/turn    t - ring of the Thistle {rElec EV+5 Dex+7 Slay-2}
MPRegen 0.33/turn

%: reflection
@: berserking, maw-form, fugue, very slow
A: devouring maw, fangs 1, strong nose, distributed training
a: Begin Untransformation, Renounce Religion, Bend Time, Temporal Distortion,
Slouch, Step From Time


You were in an ice cave.
You worshipped Cheibriados.
Cheibriados was exalted by your worship.
You were a creature with a mouth for a stomach.
You visited 6 branches of the dungeon, and saw 30 of its levels.
You also visited: Ice Cave.

You collected 3485 gold pieces.
You spent 1573 gold pieces at shops.

Inventory:

Missiles
 n - 22 javelins
 B - 23 boomerangs (quivered)
 N - 4 curare-tipped darts
Armour
 c - the +1 pair of gloves of Tender Moments (worn) {rPois MP+9 Str+2 Int+4}
   (You found it on level 2 of the Snake Pit)

   Str+2:     It affects your strength (+2).
   Int+4:     It affects your intelligence (+4).
   rPois:     It protects you from poison MP+9: It affects your magic capacity
   (+9).
 d - the +15 plate armour of the Date (melded) {rN+}
   (You bought it in a shop on level 2 of the Orcish Mines)

   rN+:       It protects you from negative energy.
 k - a +0 buckler of poison resistance (worn)
 O - the +3 hat of Pondering (worn) {ponderous, Will+ MP+10 Int+5}
   (You took it off Gastronok on level 2 of the Lair of Beasts)

   Int+5:     It affects your intelligence (+5).
   Will+:     It increases your willpower.
   MP+10:     It affects your magic capacity (+10).
 S - a +1 cloak (worn)
Jewellery
 l - a ring of flight
 t - the ring of the Thistle (right hand) {rElec EV+5 Dex+7 Slay-2}
   (You found it on level 5 of the Lair of Beasts)

   [ring of evasion]

   EV+5:      It affects your evasion (+5).
   Dex+7:     It affects your dexterity (+7).
   Slay-2:    It affects your accuracy & damage with ranged weapons and melee
   (-2).
   rElec:     It insulates you from electricity.
 E - an amulet of reflection (around neck)
 G - a ring of the Octopus King (left hand) {rCorr HP+2 AC+2 EV+2 SH+2}
   (You took it off a merfolk on level 2 of the Shoals)

   [ring of resist corrosion]

   AC+2:      It affects your AC (+2).
   EV+2:      It affects your evasion (+2).
   HP+2:      It affects your health (+2).
   rCorr:     It protects you from acid and corrosion.
   SH+2:      It affects your SH (+2).
Talismans
 L - a maw talisman (active)
 U - a blade talisman
Wands
 q - a wand of quicksilver (4)
 w - a wand of flame (11)
 x - a wand of mindburst (26)
 Q - a wand of polymorph (15)
 Y - a wand of iceblast (14)
Scrolls
 a - a scroll of torment
 f - 8 scrolls of poison
 h - 2 scrolls of silence
 p - 11 scrolls of teleportation
 r - 3 scrolls of fear
 z - 2 scrolls of fog
 C - 3 scrolls of immolation
 M - 2 scrolls of blinking
 R - 4 scrolls of revelation
Potions
 e - 2 potions of mutation
 g - 3 potions of ambrosia
 i - 5 potions of attraction
 j - 3 potions of might
 s - a potion of invisibility
 u - 14 potions of curing
 v - a potion of brilliance
 K - a potion of cancellation
 P - a potion of resistance
 T - 2 potions of magic
 W - 5 potions of enlightenment {unknown}
 X - 3 potions of heal wounds
Miscellaneous
 H - a phantom mirror
 V - a phial of floods
 Z - a box of beasts


   Skills:
 + Level 12.6 Fighting
 + Level 12.3 Short Blades
 + Level 12.3 Long Blades
 + Level 12.3 Axes
 + Level 12.3 Maces & Flails
 + Level 12.3 Polearms
 + Level 12.3 Staves
 + Level 12.3 Ranged Weapons
 + Level 12.3 Throwing
 + Level 12.3 Armour
 + Level 13.1 Dodging
 + Level 12.3 Stealth
 + Level 12.3 Shields
 + Level 13.8 Unarmed Combat
 + Level 12.3 Spellcasting
 + Level 10.4 Conjurations
 + Level 10.4 Hexes
 + Level 10.4 Summonings
 + Level 10.4 Necromancy
 + Level 10.4 Translocations
 + Level 10.4 Fire Magic
 + Level 10.4 Ice Magic
 + Level 10.4 Air Magic
 + Level 10.4 Earth Magic
 + Level 10.4 Alchemy
 + Level 13.3 Invocations
 + Level 12.3 Evocations
 + Level 13.0 Shapeshifting


You had 18 spell levels left.
You knew the following spells:

 Your Spells              Type           Power      Damage    Failure   Level
a - Fugue of the Fallen   Necr           79%        N/A       1%          3
b - Ozocubu's Armour      Ice            79%        N/A       1%          3
c - Frozen Ramparts       Ice            100%       1d16      1%          3
d - Mephitic Cloud        Conj/Alch/Air  79%        N/A       1%          3
e - Freezing Cloud        Conj/Ice/Air   39%        6-21      1%          5
f - Borgnjor's Vile Clut  Necr/Erth      39%        N/A       1%          5

Your spell library contained the following spells:

 Spells                   Type           Power      Damage    Failure   Level
 Apportation              Tloc           100%       N/A       1%          1
 Freeze                   Ice            100%       1d10      1%          1
 Shock                    Conj/Air       100%       1d9       1%          1
 Summon Small Mammal      Summ           100%       N/A       1%          1
 Ensorcelled Hibernation  Hex/Ice        100%       N/A       1%          2
 Jinxbite                 Hex            100%       N/A       1%          2
 Mercury Vapours          Alch/Air       100%       N/A       1%          2
 Call Canine Familiar     Summ           79%        N/A       1%          3
 Hailstorm                Conj/Ice       79%        3d13      1%          3
 Summon Ice Beast         Ice/Summ       79%        N/A       1%          3
 Swiftness                Air            79%        N/A       1%          3
 Airstrike                Air            39%        2d(6-22)  1%          4
 Anguish                  Hex/Necr       39%        N/A       1%          4
 Summon Blazeheart Golem  Fire/Summ      79%        N/A       1%          4
 Alistair's Intoxication  Alch           52%        N/A       1%          5
 Metabolic Englaciation   Hex/Ice        39%        N/A       1%          5
 Summon Mana Viper        Hex/Summ       79%        N/A       1%          5
 Eringya's Noxious Bog    Alch           39%        4d6       3%          6
 Sculpt Simulacrum        Ice/Alch       39%        N/A       3%          6
 Monstrous Menagerie      Summ           39%        N/A       22%         7


Dungeon Overview and Level Annotations

Branches:
Dungeon (15/15)            Temple (1/1) D:6            Lair (5/5) D:9
 Shoals (4/4) Lair:2        Snake (3/4) Lair:2        Slime (0/5) Lair:4
    Orc (2/2) D:12            Elf (0/3) Orc:2        Vaults (0/5) D:14
 Depths (0/4) D:15          IceCv (1/1)

Altars:
Ashenzari
Cheibriados
Dithmenos
Elyvilon
Fedhas
Gozag
Hepliaklqana
Kikubaaqudgha
Makhleb
Nemelex Xobeh
Okawaru
Qazlal
Ru
Sif Muna
Trog
Uskayaw
Vehumet
Wu Jian
Xom
Yredelemnul
Zin
The Shining One
Jiyva

Shops:
D:12 (   Orc:2 [?:*   Shoals:2 [


Innate Abilities, Weirdness & Mutations

You are a creature with a mouth for a stomach.
Your midsection houses a second, enormous mouth.
You have very sharp teeth.
Your uncanny sense of smell can sniff out nearby items.
Your experience applies equally to all skills.


Message History

Cheibriados forces you to slow down.
You feel mighty!
You are engulfed in freezing vapours.
* * * LOW HITPOINT WARNING * * *
The harpy simulacrum completely misses you.
You block the harpy simulacrum's attack.
The harpy simulacrum completely misses you.
You block the harpy simulacrum's attack.
The alligator simulacrum barely misses you.
The alligator simulacrum completely misses you.
The lindwurm simulacrum misses you. x2
The lindwurm simulacrum claws you but does no damage.
The lindwurm simulacrum barely misses you.
The lindwurm simulacrum completely misses you.
The lindwurm simulacrum misses you.
The white very ugly thing completely misses you.
You punch the white very ugly thing! You bite the white very ugly thing!!
The white very ugly thing is heavily wounded.
The harpy simulacrum completely misses you.
You block the harpy simulacrum's attack.
The alligator simulacrum completely misses you.
You block the alligator simulacrum's attack.
The harpy simulacrum completely misses you.
The harpy simulacrum closely misses you.
You closely miss the white very ugly thing.
You bite the white very ugly thing.
Your bite misses the white very ugly thing.
The white very ugly thing is heavily wounded.
The wailing of tortured souls fills the air!
You block the harpy simulacrum's attack. x2
The white very ugly thing bites you but does no damage.
The lindwurm simulacrum barely misses you.
The lindwurm simulacrum completely misses you.
The lindwurm simulacrum misses you.
The lindwurm simulacrum closely misses you.
The lindwurm simulacrum completely misses you.
The lindwurm simulacrum misses you.
The alligator simulacrum tail-slaps you.
* * * LOW HITPOINT WARNING * * *
The alligator simulacrum freezes you!!
You die...

#......?......#
#....8...8....#
#.............#
#...........#
#...........#
#...........#
#..ZZZ....#
#.uW∩...#
##Z.∩..##
#######


You could see a white very ugly thing, an alligator simulacrum, 2 lindwurm
simulacra and a harpy simulacrum.

Vanquished Creatures
  Nikola (Snake:1)
  Rupert (Lair:3)
  Gastronok (Lair:2)
  Kirke (Shoals:1)
  A frost giant (D:14)
  The ghost of Ciageutz the Thaumaturge, a journeyman GnHW of Sif Muna (Snake:2)
  A stone giant (D:15)
  A dire elephant (Lair:5)
  Nessos (D:12)
  2 merfolk javelineers (Shoals:2)
  10 merfolk impalers
  An ogre mage (D:15)
  7 hydras
  11 centaur warriors
  2 catoblepae (Lair:5)
  2 merfolk aquamancers (Shoals:2)
  7 boulder beetles
  A satyr (Shoals:2)
  A death knight (D:15)
  2 alligator snapping turtles
  8 death yaks
  7 two-headed ogres
  A merfolk avatar (Shoals:4)
  3 anacondas
  5 naga warriors
  A tengu warrior (D:13)
  3 orc high priests (Orc:2)
  Sonja (Lair:2)
  A shock serpent (Snake:2)
  Nergalle (Lair:1)
  Amaemon (Lair:2)
  3 skeletal warriors (D:12)
  2 naga sharpshooters (Snake:2)
  A salamander mystic (Snake:2)
  6 skysharks
  6 sea snakes
  An arcanist (D:13)
  The ghost of seawaffle the Changeling, a novice TrSh (D:6)
  8 harpies
  5 mana vipers
  An ugly thing (D:11)
  4 orc sorcerers
  3 deep elf pyromancers
  4 salamanders
  5 orc knights
  17 fauns
  5 cyclopes
  17 manticores
  11 elephants
  8 naga magi
  2 ice statues (Snake:3)
  5 kobold blastminers
  Joseph (D:9)
  7 merfolk sirens
  24 black mambas
  A guardian serpent (Snake:1)
  4 water nymphs
  An orange demon (Lair:2)
  3 gargoyles (D:11)
  11 cane toads
  2 unseen horrors (D:11)
  A rime drake (Lair:2)
  11 komodo dragons
  3 kobold demonologists
  A tengu conjurer (D:13)
  An anaconda simulacrum (IceCv)
  4 trolls
  19 merfolk
  A queen bee (shapeshifter) (D:14)
  Prince Ribbit (D:8)
  5 polar bears
  An alligator simulacrum (IceCv)
  A hornet (D:9)
  4 wind drakes
  11 blink frogs
  6 snapping turtles
  13 dream sheep
  An air elemental (Shoals:4)
  A centaur simulacrum (D:15)
  2 shadows
  18 water elementals
  8 wyverns
  3 vampires
  3 wraiths
  A hog (Shoals:1)
  A human (Shoals:1)
  2 steam dragons (D:10)
  A fire bat (shapeshifter) (D:14)
  5 basilisks
  47 yaks
  A warg (Orc:2)
  Grum (D:8)
  26 nagas
  10 vampire mosquitoes
  3 acid dragons
  12 water moccasins
  2 ice beasts (D:5)
  3 sky beasts
  14 orc warriors
  2 laughing skulls (D:15)
  9 centaurs
  14 wolves
  7 ogres
  3 kobold brigands
  19 bullfrogs
  A gnoll sergeant (D:10)
  2 scorpions
  3 wights
  A hornet simulacrum (D:6)
  A wyvern skeleton (D:6)
  8 killer bees
  A vampire bat (Orc:1)
  An electric eel (D:7)
  6 howler monkeys
  2 centaur zombies (D:9)
  The ghost of middlethird the Conjurer, a weakling VSCj (D:3)
  2 bombardier beetles
  15 orc priests
  A hound (D:5)
  5 iguanas
  A gnoll bouda (D:8)
  18 orc wizards
  A hell rat (Lair:3)
  A spectral howler monkey (D:6)
  2 howler monkey skeletons (D:9)
  4 adders
  4 gnolls (D:8)
  3 white imps (D:6)
  A howler monkey simulacrum (D:9)
  4 dart slugs
  62 orcs
  8 ball pythons
  8 endoplasms
  4 giant cockroaches
  6 goblins
  4 hobgoblins
  17 kobolds
  2 quokkas
  7 bats
  4 frilled lizards
  8 rats
777 creatures vanquished.

Vanquished Creatures (others)
  A kobold blastminer (Orc:1)
  A human (Shoals:1)
  A naga (Snake:2)
  A sky beast (D:10)
  A centaur (D:14)
5 creatures vanquished.

Grand Total: 782 creatures vanquished

Notes
Turn   | Place    | Note
-------+----------+-------------------------------------------
     0 | D:1      | monsoonserge the Gnoll Shapeshifter began the quest for the
                  | Orb.
     0 | D:1      | Reached XP level 1. HP: 17/17 MP: 1/1
    84 | D:1      | Reached XP level 2. HP: 23/23 MP: 2/2
   672 | D:2      | Reached XP level 3. HP: 28/28 MP: 3/3
   864 | D:2      | Reached skill level 1 in Invocations
  1367 | D:3      | Reached skill level 1 in Short Blades
  1367 | D:3      | Reached skill level 1 in Long Blades
  1367 | D:3      | Reached skill level 1 in Axes
  1367 | D:3      | Reached skill level 1 in Maces & Flails
  1367 | D:3      | Reached skill level 1 in Polearms
  1367 | D:3      | Reached skill level 1 in Staves
  1367 | D:3      | Reached skill level 1 in Ranged Weapons
  1367 | D:3      | Reached skill level 1 in Throwing
  1367 | D:3      | Reached skill level 1 in Armour
  1367 | D:3      | Reached skill level 1 in Stealth
  1367 | D:3      | Reached skill level 1 in Shields
  1367 | D:3      | Reached skill level 1 in Spellcasting
  1367 | D:3      | Reached skill level 1 in Evocations
  1371 | D:3      | Found a faded altar of an unknown god.
  1380 | D:3      | Found a runed translucent gate.
  1380 | D:3      | Found a runed translucent gate.
  1380 | D:3      | Found a runed translucent gate.
  1394 | D:3      | Identified the +10 dagger of Xiphusmi {flame, *Noise rPois
                  | rF++ SInv}
  1394 | D:3      | Identified the +4 ring mail of the Chimera {+Inv rPois
                  | Str+2}
  1395 | D:3      | Noticed middlethird's ghost (weakling VSCj)
  2007 | D:4      | Reached XP level 4. HP: 32/34 MP: 5/5
  2057 | D:4      | Reached skill level 1 in Conjurations
  2057 | D:4      | Reached skill level 1 in Hexes
  2057 | D:4      | Reached skill level 1 in Summonings
  2057 | D:4      | Reached skill level 1 in Necromancy
  2057 | D:4      | Reached skill level 1 in Translocations
  2057 | D:4      | Reached skill level 1 in Fire Magic
  2057 | D:4      | Reached skill level 1 in Ice Magic
  2057 | D:4      | Reached skill level 1 in Air Magic
  2057 | D:4      | Reached skill level 1 in Earth Magic
  2057 | D:4      | Reached skill level 1 in Alchemy
  2060 | D:4      | Reached XP level 5. HP: 7/40 MP: 5/7
  2660 | D:5      | Entered Level 5 of the Dungeon
  2685 | D:5      | Reached XP level 6. HP: 45/47 MP: 8/8
  2758 | D:5      | Noticed an ice beast
  2759 | D:5      | Reached skill level 5 in Dodging
  2809 | D:5      | Killed an ice beast
  2927 | D:5      | Reached XP level 7. HP: 39/52 MP: 10/10
  3562 | D:6      | Found a runed translucent gate.
  3563 | D:6      | Found a runed translucent gate.
  3564 | D:6      | Found a runed translucent gate.
  3565 | D:6      | Noticed seawaffle's ghost (novice TrSh)
  3785 | D:6      | Reached XP level 8. HP: 49/60 MP: 12/12
  3785 | D:6      | Found a staircase to the Ecumenical Temple.
  3805 | Temple   | Entered the Ecumenical Temple
  3836 | Temple   | Became a worshipper of Cheibriados the Contemplative
  4186 | D:3      | Killed middlethird's ghost
  4511 | D:7      | Noticed a vampire
  4527 | D:6      | Killed a vampire
  4648 | D:7      | Reached * piety under Cheibriados
  4826 | D:7      | Found a white marble altar of Elyvilon.
  5172 | D:7      | Reached XP level 9. HP: 51/66 MP: 14/14
  5174 | D:7      | Reached ** piety under Cheibriados
  5329 | D:8      | Noticed Prince Ribbit
  5346 | D:8      | Killed Prince Ribbit
  5347 | D:8      | Reached skill level 5 in Fighting
  5377 | D:8      | Identified the ring "Jurilorhi" {rC- Will++ Str+6 Int+4
                  | Dex+2}
  5394 | D:8      | Noticed Grum
  5400 | D:8      | Killed Grum
  5414 | D:8      | Reached skill level 5 in Invocations
  5889 | D:8      | Reached *** piety under Cheibriados
  6476 | D:9      | Reached skill level 5 in Short Blades
  6476 | D:9      | Reached skill level 5 in Long Blades
  6476 | D:9      | Reached skill level 5 in Axes
  6476 | D:9      | Reached skill level 5 in Maces & Flails
  6476 | D:9      | Reached skill level 5 in Polearms
  6476 | D:9      | Reached skill level 5 in Staves
  6476 | D:9      | Reached skill level 5 in Ranged Weapons
  6476 | D:9      | Reached skill level 5 in Throwing
  6476 | D:9      | Reached skill level 5 in Armour
  6476 | D:9      | Reached skill level 5 in Stealth
  6476 | D:9      | Reached skill level 5 in Shields
  6476 | D:9      | Reached skill level 5 in Spellcasting
  6476 | D:9      | Reached skill level 5 in Evocations
  6476 | D:9      | Reached XP level 10. HP: 72/76 MP: 17/17
  6704 | D:9      | Noticed Joseph
  7034 | D:9      | Noticed a two-headed ogre
  7041 | D:10     | Entered Level 10 of the Dungeon
  7428 | D:9      | Learned a level 3 spell: Fugue of the Fallen
  7461 | D:9      | Reached **** piety under Cheibriados
  7617 | D:9      | Killed a two-headed ogre
  7729 | D:9      | Found a staircase to the Lair.
  7795 | D:9      | Reached skill level 5 in Conjurations
  7795 | D:9      | Reached skill level 5 in Hexes
  7795 | D:9      | Reached skill level 5 in Summonings
  7795 | D:9      | Reached skill level 5 in Necromancy
  7795 | D:9      | Reached skill level 5 in Translocations
  7795 | D:9      | Reached skill level 5 in Fire Magic
  7795 | D:9      | Reached skill level 5 in Ice Magic
  7795 | D:9      | Reached skill level 5 in Air Magic
  7795 | D:9      | Reached skill level 5 in Earth Magic
  7795 | D:9      | Reached skill level 5 in Alchemy
  7799 | D:9      | Killed Joseph
  7800 | D:9      | Reached XP level 11. HP: 53/83 MP: 20/20
  8546 | D:10     | Found a sparkling altar of Nemelex Xobeh.
  8712 | D:11     | Noticed a manticore
  8719 | D:11     | Killed a manticore
  8908 | D:11     | Noticed a cyclops
  8908 | D:11     | Noticed a centaur warrior
  8910 | D:11     | Noticed a cyan ugly thing
  8910 | D:11     | Noticed a manticore
  8989 | Lair:1   | Entered Level 1 of the Lair of Beasts
  9146 | Lair:1   | Reached ***** piety under Cheibriados
  9241 | Lair:1   | Noticed Nergalle
  9255 | Lair:1   | Killed Nergalle
  9735 | Lair:1   | Reached XP level 12. HP: 85/91 MP: 22/22
  9785 | Lair:1   | You fall into a shaft and drop 1 floor!
  9792 | Lair:2   | Noticed Gastronok
  9815 | Lair:2   | Killed Gastronok
  9841 | Lair:2   | Reached skill level 10 in Unarmed Combat
 10268 | Lair:2   | Learned a level 3 spell: Ozocubu's Armour
 10272 | Lair:2   | Learned a level 3 spell: Frozen Ramparts
 10275 | Lair:2   | Noticed a skyshark
 10301 | Lair:2   | Found a staircase to the Shoals.
 10365 | Lair:2   | Noticed Sonja
 10378 | Lair:2   | Killed Sonja
 10428 | Lair:2   | Found a staircase to the Snake Pit.
 10726 | Lair:2   | Noticed Amaemon
 10728 | Lair:2   | Killed Amaemon
 10785 | Lair:2   | Killed a skyshark
 11141 | Snake:1  | Entered Level 1 of the Snake Pit
 11179 | Lair:3   | Noticed Rupert
 11196 | Lair:3   | Killed Rupert
 11297 | Lair:3   | Noticed a skyshark
 11299 | Lair:3   | Killed a skyshark
 11321 | Lair:3   | Reached XP level 13. HP: 98/99 MP: 25/25
 11346 | Lair:3   | Reached skill level 10 in Shapeshifting
 11556 | Lair:3   | Reached ****** piety under Cheibriados
 12301 | Lair:4   | Found a staircase to the Slime Pits.
 12350 | Lair:4   | Found a viscous altar of Jiyva.
 12623 | Lair:4   | Reached skill level 10 in Dodging
 13280 | Lair:5   | Entered Level 5 of the Lair of Beasts
 13524 | Lair:5   | Reached skill level 10 in Invocations
 13524 | Lair:5   | Reached XP level 14. HP: 35/108 MP: 26/27
 14225 | Lair:5   | Identified the ring of the Thistle {rElec EV+5 Dex+7
                  | Slay-2}
 14671 | Lair:5   | Noticed a dire elephant
 14682 | Lair:5   | Killed a dire elephant
 14683 | Lair:5   | Reached skill level 10 in Fighting
 15398 | D:6      | Killed seawaffle's ghost
 16014 | D:12     | Found a staircase to the Orcish Mines.
 16386 | D:12     | Found Zedooc's Antique Weapon Shoppe.
 16632 | D:12     | Noticed Nessos
 16709 | D:12     | Killed Nessos
 16710 | D:12     | Reached skill level 10 in Short Blades
 16710 | D:12     | Reached skill level 10 in Long Blades
 16710 | D:12     | Reached skill level 10 in Axes
 16710 | D:12     | Reached skill level 10 in Maces & Flails
 16710 | D:12     | Reached skill level 10 in Polearms
 16710 | D:12     | Reached skill level 10 in Staves
 16710 | D:12     | Reached skill level 10 in Ranged Weapons
 16710 | D:12     | Reached skill level 10 in Throwing
 16710 | D:12     | Reached skill level 10 in Armour
 16710 | D:12     | Reached skill level 10 in Stealth
 16710 | D:12     | Reached skill level 10 in Shields
 16710 | D:12     | Reached skill level 10 in Spellcasting
 16710 | D:12     | Reached skill level 10 in Evocations
 16913 | D:13     | Learned a level 3 spell: Mephitic Cloud
 16926 | D:13     | Learned a level 5 spell: Freezing Cloud
 17163 | D:13     | Reached XP level 15. HP: 66/117 MP: 29/29
 18562 | D:14     | Found a gate to the Vaults.
 18563 | D:14     | Noticed a frost giant
 18651 | Orc:1    | Entered Level 1 of the Orcish Mines
 19054 | Orc:1    | Found a shimmering blue altar of Sif Muna.
 19465 | Orc:2    | Entered Level 2 of the Orcish Mines
 19914 | Orc:2    | Found Vojeuxte's General Store.
 19914 | Orc:2    | Found Ogil's Antique Armour Emporium.
 19916 | Orc:2    | Found Peegosol's Book Shop.
 19916 | Orc:2    | Found Corphugo's Magic Scroll Emporium.
 19932 | Orc:2    | Bought a shimmering leather armour for 161 gold pieces
 19932 | Orc:2    | Identified the +1 leather armour of the Old and Reckless
                  | {+Blink Fly rF+} (You bought it in a shop on level 2 of the
                  | Orcish Mines)
 19932 | Orc:2    | Bought a faintly humming chain mail for 218 gold pieces
 19932 | Orc:2    | Identified the +1 chain mail of Noskuz Abba {^Contam +Inv
                  | rF- Stlth+} (You bought it in a shop on level 2 of the
                  | Orcish Mines)
 19932 | Orc:2    | Bought a brightly glowing plate armour for 644 gold pieces
 19932 | Orc:2    | Identified the +15 plate armour of the Date {rN+} (You
                  | bought it in a shop on level 2 of the Orcish Mines)
 19954 | Orc:2    | Bought a scroll of acquirement for 520 gold pieces
 19954 | Orc:2    | Acquired 833 gold pieces
 19956 | Orc:2    | Bought a scroll of teleportation for 30 gold pieces
 20029 | Orc:2    | Found a staircase to the Elven Halls.
 20446 | D:14     | Killed a frost giant
 20717 | D:15     | Entered Level 15 of the Dungeon
 20824 | D:15     | Found a staircase to the Depths.
 21452 | D:15     | Found a white marble altar of Elyvilon.
 21452 | D:15     | Found a glowing golden altar of the Shining One.
 21452 | D:15     | Found a glowing silver altar of Zin.
 22089 | D:11     | Reached XP level 16. HP: 123/125 MP: 30/30
 22286 | D:11     | Learned a level 5 spell: Borgnjor's Vile Clutch
 22479 | Shoals:1 | Entered Level 1 of the Shoals
 22481 | Shoals:1 | Noticed Kirke
 22489 | Shoals:1 | Killed Kirke
 22652 | Shoals:1 | Found a transporter.
 22653 | Shoals:1 | Found a transporter.
 22661 | Shoals:1 | Found a transporter.
 22661 | Shoals:1 | Found a transporter.
 22663 | Shoals:1 | Found a transporter.
 22663 | Shoals:1 | Found a transporter.
 22778 | Shoals:1 | You fall into a shaft and drop 1 floor!
 22780 | Shoals:2 | Found Ukhomm's Antique Armour Shoppe.
 23017 | Shoals:2 | Found the ring of the Octopus King {rCorr HP+2 AC+2 EV+2
                  | SH+2}
 24724 | Shoals:2 | Upgraded the game from 0.31.0-12-g77e489cdc1 to
                  | 0.31.0-32-g396128a36d
 25469 | Shoals:4 | Entered Level 4 of the Shoals
 25507 | Shoals:4 | Reached XP level 17. HP: 76/133 MP: 32/32
 25757 | Shoals:4 | Reached skill level 10 in Conjurations
 25757 | Shoals:4 | Reached skill level 10 in Hexes
 25757 | Shoals:4 | Reached skill level 10 in Summonings
 25757 | Shoals:4 | Reached skill level 10 in Necromancy
 25757 | Shoals:4 | Reached skill level 10 in Translocations
 25757 | Shoals:4 | Reached skill level 10 in Fire Magic
 25757 | Shoals:4 | Reached skill level 10 in Ice Magic
 25757 | Shoals:4 | Reached skill level 10 in Air Magic
 25757 | Shoals:4 | Reached skill level 10 in Earth Magic
 25757 | Shoals:4 | Reached skill level 10 in Alchemy
 26461 | Snake:1  | Noticed Nikola
 26490 | Snake:1  | Killed Nikola
 27029 | Snake:1  | Found a stormy altar of Qazlal.
 27747 | Snake:2  | Noticed Ciageutz's ghost (journeyman GnHW)
 27938 | Snake:2  | Identified the +1 pair of gloves of Tender Moments {rPois
                  | MP+9 Str+2 Int+4}
 27990 | Snake:2  | Found a runed translucent door.
 28612 | Snake:2  | Killed Ciageutz's ghost
 28937 | Snake:3  | Found a glacial archway.
 28965 | IceCv    | Entered an ice cave
 28978 | IceCv    | Mangled by an alligator simulacrum

Illustrated notes

Levels and vault maps discovered:
D:1:      psy_arrival_dodecagon, layout_basic, serial_park_tiny_pond
D:2:      layout_rooms, chequers_mini_garden
D:3:      layout_basic, ebering_ecumenical_altar_box, biasface_ghost_orc_armoury
D:4:      layout_basic, mainiacjoe_sewer_entry_somewhere_in_here_1, hex_medium
D:5:      layout_basic
D:6:      layout_rooms, minmay_temple_entry_gardened_gates, serial_glass,
          glass_columns_b, glass_columns_a, gammafunk_ghost_necromancy
D:7:      layout_cave_pools, overflow_temple_1_default, minivault_26,
          chequers_serial_rivers_large_b, kennysheep_potato
D:8:      layout_basic, uniq_grum, uniq_prince_ribbit1
D:9:      layout_long_grid, david_lair_shrubbed, hangedman_weighted_door,
          uniq_joseph
D:10:     layout_rooms, nemelex_altar_shiori, hangedman_misty_isle
D:11:     layout_gridville, grunt_decor_mini_mirrors,
          minmay_mirror_moons_of_madness
D:12:     layout_irregular_city, orc_david_3, serial_shops,
          nicolae_shop_back_alley_shop, uniq_nessos
D:13:     layout_irregular_city, minmay_misc_feat_roman
D:14:     layout_basic, hellmonk_vaults_attempted_burglary
D:15:     grunt_enter_depths_giant_problem, layout_gridville,
          good_gods_mini_temple
Temple:   mainiacjoe_temple_big_plus
Lair:1:   layout_chaotic_city, uniq_nergalle
Lair:2:   layout_regular_city, minmay_shoals_entry_hut, dummy_snake_entry,
          hangedman_lair_unloving_vines, uniq_amaemon, uniq_sonja,
          uniq_gastronok
Lair:3:   layout_loops_ring, minmay_shattered_shrine, uniq_rupert
Lair:4:   layout_regular_city, slime_entry_1
Lair:5:   hangedman_lair_in_review, layout_layer_cave,
          chequers_serial_rivers_small_3
Shoals:1: layout_shoals, serial_nicolae_subway, nicolae_sub_station_metal,
          nicolae_sub_station_stone, nicolae_sub_station_crystal, uniq_kirke
Shoals:2: layout_shoals, serial_shops, nicolae_shop_hallway_stairs,
          nicolae_shoals_water_booths
Shoals:3: layout_shoals
Shoals:4: shoals_end_hellmonk_storm_palace [storm_palace_center_circular,
          storm_palace_corner_narrow, storm_palace_corner_grid,
          storm_palace_corner_pillars, storm_palace_corner_reverse_hut]
Snake:1:  layout_basic, basic_altar, uniq_nikola
Snake:2:  layout_misc_corridors, hellmonk_ghost_happy_afterlife
Snake:3:  layout_cave_town, portal_ice_cave_entry_ice_statue_two, st_stairs_6,
          nicolae_snake_squiggles
Orc:1:    layout_caves, roderic_batcave, kennysheep_orc_sif_temple
Orc:2:    grunt_orc_tribal_feast, layout_caves
IceCv:    ice_cave_statue_garden_transporter

Skill      XL: |  1  2  3  4  5  6  7  8  9 10 11 12 13 14 15 16 17 |
---------------+----------------------------------------------------+-----
Invocations    | 1 2 3 4 5 6 7 8 10 11 12 13 | 13.3
Short Blades   | 1 2 3 5 6 7 8 9 10 11 12 | 12.3
Long Blades    | 1 2 3 5 6 7 8 9 10 11 12 | 12.3
Axes           | 1 2 3 5 6 7 8 9 10 11 12 | 12.3
Maces & Flails | 1 2 3 5 6 7 8 9 10 11 12 | 12.3
Polearms       | 1 2 3 5 6 7 8 9 10 11 12 | 12.3
Staves         | 1 2 3 5 6 7 8 9 10 11 12 | 12.3
Ranged Weapons | 1 2 3 5 6 7 8 9 10 11 12 | 12.3
Throwing       | 1 2 3 5 6 7 8 9 10 11 12 | 12.3
Armour         | 1 2 3 5 6 7 8 9 10 11 12 | 12.3
Stealth        | 1 2 3 5 6 7 8 9 10 11 12 | 12.3
Shields        | 1 2 3 5 6 7 8 9 10 11 12 | 12.3
Spellcasting   | 1 2 3 5 6 7 8 9 10 11 12 | 12.3
Evocations     | 1 2 3 5 6 7 8 9 10 11 12 | 12.3
Conjurations   | 1 2 3 4 5 6 7 8 9 10 | 10.4
Hexes          | 1 2 3 4 5 6 7 8 9 10 | 10.4
Summonings     | 1 2 3 4 5 6 7 8 9 10 | 10.4
Necromancy     | 1 2 3 4 5 6 7 8 9 10 | 10.4
Translocations | 1 2 3 4 5 6 7 8 9 10 | 10.4
Fire Magic     | 1 2 3 4 5 6 7 8 9 10 | 10.4
Ice Magic      | 1 2 3 4 5 6 7 8 9 10 | 10.4
Air Magic      | 1 2 3 4 5 6 7 8 9 10 | 10.4
Earth Magic    | 1 2 3 4 5 6 7 8 9 10 | 10.4
Alchemy        | 1 2 3 4 5 6 7 8 9 10 | 10.4
Fighting       | 3 4 5 6 7 8 9 10 11 12 | 12.6
Dodging        | 5 6 7 8 9 10 11 12 13 | 13.1
Unarmed Combat | 7 8 9 10 11 12 13 | 13.8
Shapeshifting  | 7 8 9 10 11 12 13 | 13.0

Action                     |  1- 3 |  4- 6 |  7- 9 | 10-12 | 13-15 | 16-18 || total
---------------------------+-------+-------+-------+-------+-------+-------++-------
  Melee: Unarmed           |   107 |    74 |    89 |       |   568 |   585 ||  1423
         Bite              |     8 |     8 |    29 |    62 |   100 |   100 ||   307
         Punch             |     2 |       |       |       |    52 |    36 ||    90
         Dagger            |       |       |   204 |   383 |    87 |       ||   674
         Maw               |       |       |       |    41 |    40 |    92 ||   173
  Throw: Dart              |       |       |       |    40 |       |       ||    40
         Javelin           |       |       |       |     8 |       |       ||     8
         Boomerang         |       |       |       |     6 |     1 |    12 ||    19
   Cast: Ozocubu's Armour  |       |       |       |     6 |    42 |    12 ||    60
         Frozen Ramparts   |       |       |       |     6 |    40 |     8 ||    54
         Fugue of the Fall |       |       |       |       |     7 |     1 ||     8
         Mephitic Cloud    |       |       |       |       |     4 |    22 ||    26
         Freezing Cloud    |       |       |       |       |     3 |    17 ||    20
         Borgnjor's Vile C |       |       |       |       |       |     2 ||     2
 Invoke: Bend Time         |       |       |     1 |     1 |     1 |       ||     3
         Slouch            |       |       |       |       |     4 |       ||     4
  Evoke: Wand              |       |       |       |     6 |       |       ||     6
    Use: Potion            |       |     1 |     2 |     2 |       |     1 ||     6
         Scroll            |       |       |       |    11 |     9 |     9 ||    29
   Stab: Sleeping          |       |       |       |    11 |    17 |    10 ||    38
         Distracted        |       |       |       |     1 |     1 |     3 ||     5
         Petrified         |       |       |       |       |     2 |       ||     2
         Petrifying        |       |       |       |       |     1 |       ||     1
         Confused          |       |       |       |       |     2 |    18 ||    20
 Armour: Animal skin       |    14 |       |       |       |       |       ||    14
         Scale mail        |     7 |       |       |       |       |       ||     7
         Skin              |    16 |    30 |    46 |    18 |    24 |    46 ||   180
         Ring mail         |       |       |    87 |    94 |   152 |       ||   333
         Plate armour      |       |       |       |       |    56 |   210 ||   266
  Dodge: Dodged            |    59 |    52 |   193 |   200 |   758 |   705 ||  1967
  Block: Buckler           |       |       |   119 |   186 |    33 |   169 ||   507
         Other             |       |       |     4 |       |   101 |   108 ||   213
         Reflection        |       |       |     2 |     5 |    16 |    36 ||    59
   Form: Flux              |     1 |       |     1 |       |       |       ||     2
         Beast             |       |       |     2 |     3 |       |       ||     5
         Maw               |       |       |       |     4 |     1 |     2 ||     7
         Blade             |       |       |       |       |     2 |     1 ||     3
